 Dungeon Crawl Stone Soup version 0.25.0-9-g26727b6 (webtiles) character file.

Game seed: 3884260787755413254

2987 chaoswolf the Slasher (level 9, 0/69 HPs)
             Began as a Demonspawn Berserker on June 22, 2020.
             Was an Elder of Trog.
             Slain by a wight
             ... wielding a +3 spear
              (6 damage)
             ... on level 8 of the Dungeon.
             The game lasted 00:14:32 (8155 turns).

chaoswolf the Slasher (Demonspawn Berserker)        Turns: 8155, Time: 00:14:33

Health: 0/69       AC: 18    Str: 22    XL:     9   Next: 53%
Magic:  9/9        EV:  7    Int:  8    God:    Trog [****..]
Gold:   411        SH:  0    Dex: 14    Spells: 8/8 levels left

rFire    + . .     SeeInvis .   w - +5 great sword (freeze)
rCold    + + .     Gourm    .   (shield currently unavailable)
rNeg     . . .     Faith    .   p - +0 plate armour
rPois    .         Spirit   .   c - +0 helmet
rElec    .         Reflect  .   x - scarf {rC+ rF+}
rCorr    +         Harm     .   q - +4 pair of gloves "Wifigrent" {rCorr Slay+3}
MR       +++..                  (no boots)
Stlth    ..........             (no amulet)
HPRegen  1.21/turn              (no ring)
MPRegen  0.11/turn              (no ring)

@: lethally poisoned (0 -> 0), berserk cooldown, regenerating, slowed, heavily
drained, very slow
A: claws 1, talons 2, cold resistance 1, magic resistance 1, nightstalker 1,
strong 1
a: Berserk, Trog's Hand, Brothers in Arms, Renounce Religion


You were on level 8 of the Dungeon.
You worshipped Trog.
Trog was greatly pleased with you.
You were not hungry.

You visited 1 branch of the dungeon, and saw 8 of its levels.

You collected 411 gold pieces.

Inventory:

Hand Weapons
 a - a +0 hand axe
 w - a +5 great sword of freezing (weapon)
Armour
 c - a +0 helmet (worn)
 n - a +0 cloak
 p - a +0 plate armour (worn)
 q - the +4 pair of gloves "Wifigrent" (worn) {rCorr Slay+3}
   (You found it on level 4 of the Dungeon)

   It affects your accuracy and damage with ranged weapons and melee attacks
   (+3).
   It provides partial protection from all sources of acid and corrosion.
 x - a scarf of resistance (worn)
Wands
 d - a wand of flame (21)
 f - a wand of enslavement (6)
 l - a wand of clouds (5)
 m - a wand of acid (8)
 z - a wand of iceblast (12)
Scrolls
 h - 2 scrolls of magic mapping
 u - a scroll of teleportation
 v - a scroll of enchant weapon
 y - 2 scrolls of identify
Potions
 b - 6 potions of heal wounds
 e - a potion of flight
 i - a potion of lignification
 j - 5 potions of haste
 k - a potion of curing {unknown}
 o - 2 potions of berserk rage {unknown}
 r - a potion of might {unknown}
 s - 2 potions of stabbing
Comestibles
 g - 4 rations


   Skills:
 + Level 5.9(4.6) Fighting
 * Level 7.1(5.8) Long Blades
 + Level 6.5(5.2) Axes
 + Level 6.2(4.9) Armour
 + Level 2.4(1.2) Dodging
 + Level 0.2(0.0) Stealth


You had 8 spell levels left.
You didn't know any spells.
Your spell library was empty.

Dungeon Overview and Level Annotations

Branches:
Dungeon (8/15)             Temple (0/1) D:5
   Lair: D:8-11

Altars:
Okawaru
The Shining One


Innate Abilities, Weirdness & Mutations

You have sharp fingernails.
You have razor-sharp toenails.
Your flesh is cold resistant. (rC+)
You are slightly more attuned to the shadows.
You are resistant to hostile enchantments. (MR+)
Your muscles are strong. (Str +2)


Message History

The wight barely misses you. The adder barely misses you.
You riposte.
You slash the adder!
The adder seems to slow down.
You freeze the adder.
You kill the adder!
Trog accepts your kill. The adder closely misses you.
The wight hits you but does no damage.
The worker ant bites you but does no damage.
The adder skeleton barely misses you.
You riposte.
You closely miss the adder skeleton. You claw the adder skeleton.
The adder skeleton is moderately damaged.
The wight hits you but does no damage. The adder bites you but does no damage.
The wight completely misses you. The wight misses you.
The worker ant bites you but does no damage.
The adder skeleton bites you but does no damage.
Unknown command.
You slice the wight!!
You destroy the wight!
Trog accepts your kill. The adder bites you but does no damage.
The worker ant barely misses you.
The wight hits you from afar with a +3 spear.
You die...

#.... .. ...
.#.. .###
..... ...#=..
.....###.#..#
.........#<#
........#..#
...._o.#).##
.....)Sa...#
$....†@)...#
#.....zZ...#
#.......z..#
#..........#
#.!........#
#............
#...........#


You could see a worker ant, 2 wights, an adder, an orc and an adder skeleton.

Vanquished Creatures
  A hornet (D:7)
  A water moccasin (D:7)
  A sky beast (D:7)
  A black bear (D:6)
  3 ice beasts
  A necrophage (D:8)
  A phantom (D:5)
  2 ogres
  3 centaurs
  A gnoll sergeant (D:7)
  4 bullfrogs
  A scorpion (D:6)
  6 wights
  A howler monkey (D:8)
  A bullfrog zombie (D:7)
  4 hounds
  2 orc priests (D:7)
  3 orc wizards
  A jelly (D:5)
  7 iguanas
  4 worker ants
  A hound zombie (D:6)
  4 worker ant zombies
  12 adders
  11 gnolls
  3 shadow imps
  4 worms
  2 dart slugs
  6 leopard geckos
  10 orcs
  4 ball pythons
  11 giant cockroaches
  7 goblins
  7 hobgoblins
  4 quokkas
  A ball python skeleton (D:4)
  5 bats
  2 frilled lizards
  5 kobolds
  A leopard gecko zombie (D:7)
  6 rats
155 creatures vanquished.

Notes
Turn   | Place    | Note
-------+----------+-------------------------------------------
     0 | D:1      | chaoswolf the Demonspawn Berserker began the quest for the
                  | Orb.
     0 | D:1      | Reached XP level 1. HP: 18/18 MP: 1/1
   246 | D:1      | Gained mutation: You have sharp fingernails. [demonic
                  | ancestry]
   246 | D:1      | Reached XP level 2. HP: 19/24 MP: 2/2
  1371 | D:2      | Gained mutation: You have sharp toenails. [demonic
                  | ancestry]
  1371 | D:2      | Reached XP level 3. HP: 27/29 MP: 3/3
  1561 | D:2      | Found a glowing golden altar of the Shining One.
  2264 | D:2      | Reached ** piety under Trog
  2505 | D:2      | Reached XP level 4. HP: 29/37 MP: 4/4
  2870 | D:3      | Gained mutation: You are resistant to hostile enchantments.
                  | (MR+) [potion of mutation]
  2870 | D:3      | Gained mutation: Your muscles are strong. (Str +2) [potion
                  | of mutation]
  3719 | D:4      | Reached XP level 5. HP: 38/42 MP: 5/5
  4301 | D:4      | Noticed an ogre
  4308 | D:4      | Killed an ogre
  4308 | D:4      | Gained mutation: You have razor-sharp toenails. [demonic
                  | ancestry]
  4308 | D:4      | Reached XP level 6. HP: 48/48 MP: 6/6
  4415 | D:4      | Got a pair of bloodstained gloves
  4421 | D:4      | Identified the +4 pair of gloves "Wifigrent" {rCorr Slay+3}
                  | (You found it on level 4 of the Dungeon)
  4767 | D:5      | Entered Level 5 of the Dungeon
  4776 | D:5      | Reached skill level 5 in Axes
  4965 | D:5      | Reached *** piety under Trog
  5066 | D:5      | Gained mutation: Your flesh is cold resistant. (rC+)
                  | [demonic ancestry]
  5066 | D:5      | Reached XP level 7. HP: 55/55 MP: 7/7
  5341 | D:5      | Found a staircase to the Ecumenical Temple.
  5731 | D:6      | Reached skill level 5 in Armour
  5731 | D:6      | Gained mutation: You are slightly more attuned to the
                  | shadows. [demonic ancestry]
  5731 | D:6      | Reached XP level 8. HP: 61/61 MP: 8/8
  5857 | D:6      | Reached skill level 5 in Fighting
  5859 | D:6      | Reached skill level 1 in Long Blades
  6163 | D:6      | Reached skill level 2 in Long Blades
  6549 | D:7      | Reached skill level 3 in Long Blades
  6634 | D:7      | Found a glowing golden altar of the Shining One.
  6736 | D:7      | Reached skill level 4 in Long Blades
  6774 | D:7      | Reached **** piety under Trog
  7037 | D:7      | Reached XP level 9. HP: 47/68 MP: 9/9
  7699 | D:7      | Reached skill level 5 in Long Blades
  7947 | D:7      | Paralysed by a hornet for 2 turns
  8132 | D:8      | Reached skill level 6 in Long Blades
  8135 | D:8      | Found an iron altar of Okawaru.
  8153 | D:8      | Reached skill level 7 in Long Blades
  8154 | D:8      | HP: 3/69 [wight/+5 falchion of freezing (1)]
  8155 | D:8      | Slain by a wight

Illustrated notes

Levels and vault maps discovered:
D:1:      wander_arrival_estate, layout_basic, minmay_misc_feat_columns,
          corexii_hall_statues_i, minmay_misc_feat_five,
          chequers_serial_rivers_micro_d, minmay_worlds_worst_comb
D:2:      layout_basic, tso_metal_star
D:3:      layout_rooms, first_ration
D:4:      layout_loops_ring, minmay_liquid_box
D:5:      layout_loops_cross, minmay_temple_entry_enclosed_plants,
          minmay_misc_feat_cross
D:6:      layout_basic
D:7:      layout_basic, kennysheep_little_box
D:8:      layout_rooms, lemuel_round_altar, basic_altar

Skill      XL: |  1  2  3  4  5  6  7  8  9 |
---------------+----------------------------+-----
Axes           | 3 4 5 6 |  6.5
Dodging        | 2 |  2.4
Armour         | 2 4 5 6 |  6.2
Fighting       | 4 5 |  5.9
Long Blades    | 4 7 |  7.1
Stealth        | |  0.2

Action                   |  1- 3 |  4- 6 |  7- 9 || total
-------------------------+-------+-------+-------++-------
Melee: Hand axe          |   139 |   130 |    30 ||   299
       Kick              |    15 |    41 |    54 ||   110
       Great sword       |       |       |    94 ||    94
Invok: Berserk           |     2 |     2 |     5 ||     9
       Trog's Hand       |       |       |     2 ||     2
  Use: Potion            |     1 |     6 |       ||     7
       Scroll            |     3 |     8 |     3 ||    14
  Eat: Ration            |     2 |     2 |     3 ||     7
       Chunk             |     3 |     2 |     3 ||     8
Armor: Animal skin       |     2 |       |       ||     2
       Chain mail        |    59 |    46 |       ||   105
       Plate armour      |       |    41 |   181 ||   222
Dodge: Dodged            |    65 |    51 |   100 ||   216
       Rpst.: Great sword |       |       |    32 ||    32
